 Dungeon Crawl Stone Soup version 0.30.1-9-gdf580d7c3d (webtiles) character file.

Game seed: 14596855710730727262

262 monsoonserge the Grasshopper (level 5, -4/40 HPs)
             Began as a Demonspawn Warper on Oct 26, 2023.
             Slain by a gnoll bouda
             ... wielding a +0 club
              (6 damage)
             ... on level 5 of the Dungeon.
             The game lasted 00:09:58 (3085 turns).

monsoonserge the Grasshopper (Demonspawn Warper)    Turns: 3085, Time: 00:09:59

Health: -4/40      AC:  9    Str: 11    XL:     5   Next: 97%
Magic:  15/17      EV: 12    Int: 16    God:
Gold:   79         SH:  0    Dex: 15    Spells: 6/8 levels left

rFire   + . .        a - +0 falchion
rCold   . . .        (no shield)
rNeg    . . .        v - +1 leather armour {rF+}
rPois   .            (no helmet)
rElec   .            k - +0 cloak
rCorr   .            s - +0 pair of gloves
SInv    .            r - +2 pair of boots
Will    .....        (no amulet)
Stlth   ++           m - ring of magical power
HPRegen 0.26/turn    (no ring)
MPRegen 0.15/turn

%: no passive effects
@: mighty, weakened, on blink cooldown
A: thin skeletal structure 1, demonic guardian 1, weakness stinger 1
a: no special abilities


You were on level 5 of the Dungeon.
You visited 1 branch of the dungeon, and saw 5 of its levels.

You collected 79 gold pieces.

Inventory:

Hand Weapons
 a - a +0 falchion (weapon)
Missiles
 d - 7 boomerangs of dispersal (quivered)
 g - 17 poisoned darts
 i - 5 atropa-tipped darts
Armour
 b - a +0 leather armour
 e - a +0 ring mail
 k - a +0 cloak (worn)
 r - a +2 pair of boots (worn)
 s - a +0 pair of gloves (worn)
 v - a +1 leather armour of fire resistance (worn)
Jewellery
 m - a ring of magical power (left hand)
Scrolls
 c - 2 scrolls of blinking
 j - a scroll of torment
 l - a scroll of amnesia
 n - a scroll of brand weapon
 o - a scroll of poison {unknown}
 p - a scroll of immolation {unknown}
 q - a scroll of teleportation
 t - a scroll of enchant weapon {unknown}
 x - a scroll of fog {unknown}
Potions
 h - a potion of haste {unknown}
 u - a potion of lignification {unknown}


   Skills:
 + Level 2.9 Fighting
 + Level 3.3 Long Blades
 + Level 0.8 Throwing
 + Level 2.7 Armour
 + Level 2.5 Dodging
 + Level 0.3 Stealth
 - Level 2.0 Spellcasting
 + Level 3.5 Translocations


You had 6 spell levels left.
You knew the following spells:

 Your Spells              Type           Power      Damage    Failure   Level
a - Blink                 Tloc           24%        N/A       10%         2

Your spell library contained the following spells:

 Spells                   Type           Power      Damage    Failure   Level
 Lesser Beckoning         Tloc           24%        N/A       10%         2
 Gell's Gravitas          Tloc           12%        N/A       19%         3
 Teleport Other           Tloc           12%        N/A       19%         3
 Magic Dart               Conj           4%         1d3       26%         1
 Call Imp                 Summ           2%         N/A       36%         2
 Vhi's Electric Charge    Tloc/Air       14%        N/A       36%         3
 Manifold Assault         Tloc           12%        N/A       52%         4
 Mephitic Cloud           Conj/Pois/Air  1%         N/A       61%         3
 Alistair's Intoxication  Tmut/Pois      0%         N/A       100%        5
 Borgnjor's Vile Clutch   Necr/Erth      0%         N/A       100%        5
 Eringya's Noxious Bog    Tmut/Pois      0%         N/A       100%        6
 Borgnjor's Revivificati  Necr           0%         N/A       100%        8
 Necromutation            Tmut/Necr      0%         N/A       100%        8
 Death's Door             Necr           0%         N/A       100%        9


Dungeon Overview and Level Annotations

Branches:
Dungeon (5/15)
 Temple: D:4-7

Altars:

Shops:
D:2 =

Annotations:
D:3 Edmund
D:4 Pikel


Innate Abilities, Weirdness & Mutations

You have a somewhat thin skeletal structure. (Dex +2, Stealth+)
A weak demonic guardian rushes to your aid.
You have a small tail.


Message History

Your attacks no longer feel as feeble.
Your quasit disappears in a puff of smoke!
You start resting.
You hear the slow hiss of an avalanche of sand nearby.
You start resting.
A gnoll bouda is nearby!
A gnoll comes into view. It is wielding a +0 flail.
The gnoll bouda shouts!
The gnoll shouts!
You hit the gnoll bouda but do no damage.
Your tail-slap misses the gnoll bouda.
The gnoll bouda is heavily wounded.
The gnoll bouda hits you with a +0 club.
You hit the gnoll bouda but do no damage.
The gnoll bouda is heavily wounded.
The gnoll bouda barks out a call to the hunt!
The gnoll picks up the pace!
You barely miss the gnoll bouda.
The gnoll bouda is heavily wounded.
You closely miss the gnoll bouda.
The gnoll bouda is heavily wounded.
The gnoll bouda hits you with a +0 club!
* * * LOW HITPOINT WARNING * * *
The gnoll hits you but does no damage.
Casting: Blink (safe; 10% risk of failure)
Confirm with . or Enter, or press ? or * to list all spells.
You blink.
The gnoll bouda gazes fiercely through you!
You feel your attacks grow feeble. The gnoll bouda misses you.
The gnoll misses you.
Unknown command.
You feel very mighty all of a sudden.
The gnoll bouda hits you with a +0 club.
* * * LOW HITPOINT WARNING * * *
A demonic guardian appears!
The gnoll hits you with a +0 flail.
* * * LOW HITPOINT WARNING * * *
Unknown command.
You hit the gnoll. You tail-slap the gnoll!
You kill the gnoll!
The gnoll bouda hits you with a +0 club.
You die...

........#########
#....##.........#
.... #.#######.#
### #.# #.#
#.##### #.#
####.....# #.#
#<.......# #5#
############g##
#....)@# #.######
#.# #g# #5# #.#
#.# #.# #..


You could see a gnoll bouda (ally target) and a friendly quasit (summoned).

Vanquished Creatures
  A hound (D:5)
  A jelly (D:3)
  4 gnolls
  8 adders
  4 worms (D:2)
  A dart slug (D:3)
  An orc (D:2)
  4 endoplasms
  2 giant cockroaches
  4 goblins
  3 hobgoblins
  8 jackals
  8 kobolds
  A quokka (D:1)
  2 ball pythons (D:2)
  4 bats
  A frilled lizard (D:3)
  3 rats
60 creatures vanquished.

Vanquished Creatures (collateral kills)
  A lemure (D:4)
  A gnoll bouda (D:4)
  A gnoll (D:4)
3 creatures vanquished.

Grand Total: 63 creatures vanquished

Notes
Turn   | Place    | Note
-------+----------+-------------------------------------------
     0 | D:1      | monsoonserge the Demonspawn Warper began the quest for the
                  | Orb.
     0 | D:1      | Reached XP level 1. HP: 16/16 MP: 3/3
   137 | D:1      | Reached skill level 1 in Armour
   384 | D:1      | Gained mutation: You have a small tail. [demonic ancestry]
   384 | D:1      | Reached XP level 2. HP: 12/22 MP: 5/5
   910 | D:2      | Learned a level 2 spell: Blink
   920 | D:2      | Reached XP level 3. HP: 25/27 MP: 6/6
  1191 | D:2      | Found Daebbyk's Jewellery Boutique.
  1478 | D:2      | Gained mutation: You have a somewhat thin skeletal
                  | structure. (Dex +2, Stealth+) [demonic ancestry]
  1478 | D:2      | Reached XP level 4. HP: 31/34 MP: 7/7
  2083 | D:3      | Gained mutation: A weak demonic guardian rushes to your
                  | aid. [demonic ancestry]
  2083 | D:3      | Reached XP level 5. HP: 40/40 MP: 8/8
  2388 | D:4      | Noticed Edmund
  2388 | D:4      | Noticed Pikel
  2388 | D:4      | Noticed a lemure
  2388 | D:4      | Noticed a lemure
  2388 | D:4      | Noticed a lemure
  2388 | D:4      | Noticed a lemure
  2874 | D:4      | Killed a lemure
  2969 | D:5      | Entered Level 5 of the Dungeon
  3084 | D:5      | HP: 2/40 [gnoll/+0 flail[a gnoll bouda] (3)]
  3085 | D:5      | Slain by a gnoll bouda

Illustrated notes

Levels and vault maps discovered:
D:1:      dpeg_arrival_simpleton_b, layout_basic
D:2:      layout_basic, serial_shops, nicolae_shop_tiny_real_fake_doors
D:3:      layout_loops_ring, grunt_ministairs_11
D:4:      layout_basic, st_stairs_11, nrook_loot_triangle,
          minmay_misc_feat_tower, uniq_edmund, uniq_pikel, uniq_menkaure,
          uniq_duvessa
D:5:      nicolae_cairo_tiling, layout_basic, enter_ossuary_2,
          uniq_prince_ribbit1

Skill      XL: |  1  2  3  4  5 |
---------------+----------------+-----
Armour         | 1 2 |  2.7
Dodging        | 2 |  2.5
Long Blades    | 2 3 |  3.3
Translocations | 3 |  3.5
Fighting       | |  2.9
Throwing       | |  0.8
Stealth        | |  0.3
Spellcasting   | |  2.0

Action                     |  1- 3 |  4- 6 || total
---------------------------+-------+-------++-------
  Melee: Falchion          |   126 |   166 ||   292
         Tailslap          |    10 |    22 ||    32
         Punch             |     1 |     4 ||     5
   Cast: Blink             |     1 |     2 ||     3
    Use: Potion            |       |     5 ||     5
         Scroll            |       |     4 ||     4
   Stab: Sleeping          |       |     3 ||     3
         Distracted        |       |     1 ||     1
 Armour: Ring mail         |    77 |    56 ||   133
         Leather armour    |       |    23 ||    23
  Dodge: Dodged            |    88 |   133 ||   221
